Map: Ulrena

Players

Miszu

  • Race: Terran Terran
  • League: Master

Nedi - Winner!

  • Race: Zerg Zerg
  • League: Grandmaster

VOD

Have the link to the VOD?

Description

Time

  • Played on: April 23, 2016, 1:36 p.m.
  • Length: 3:41
Show
View Real Time Build Order
Export as new Build Order

Miszu Terran 

Build Orders:  

Get SALT Encoding   

  12  0:00  SCV  
  13  0:12  SCV  
  14  0:18  Supply Depot  
  14  0:24  SCV  
  15  0:41  Barracks  
  15  0:55  Barracks  
  15  1:06  Barracks  
  15  1:27  Marine  
  15  1:29  Barracks  
  16  1:42  Marine  
  16  1:43  Supply Depot  
  16  1:45  Marine  
  18  1:53  Marine  
  19  1:59  Marine  
  20  2:03  Marine  
  21  2:11  Marine  
  22  2:17  Marine  
  22  2:21  Marine  
  22  2:22  Marine  
  24  2:29  Marine  
  25  2:35  Marine  
  23  2:39  Marine  
  23  2:40  Marine  
  25  2:47  Marine  
  26  2:53  Marine  
  26  2:57  Marine x2  
Show
View Real Time Build Order
Export as new Build Order

Nedi Zerg - Winner!

Build Orders: Pool First 

Get SALT Encoding   

  12  0:01  Drone  
  13  0:13  Overlord  
  13  0:17  Drone  
  14  0:31  Drone  
  14  0:32  Drone  
  14  0:35  Drone  
  17  0:45  Spawning Pool  
  17  0:48  Drone  
  17  0:56  Drone  
  18  1:13  Hatchery  
  18  1:17  Extractor, Drone  
  17  1:21  Drone  
  18  1:29  Drone  
  19  1:33  Queen  
  19  1:39  Zergling x2  
  22  1:48  Roach Warren  
  22  1:51  Drone  
  22  1:59  Spine Crawler  
  21  2:09  Zergling x2  
  21  2:21  Overlord  
  23  2:30  Roach  
  22  2:41  Roach  
  24  2:47  Roach  
  26  2:54  Roach  
  26  2:56  Roach x2  
  30  3:05  Roach  
  32  3:17  Roach  
  22  3:28  Drone  
Tags
 
Add a new tag
Caveats
  • Supply blocks, unpowered buildings, or Contaminate may cause inaccurate times.
  • Supply counts are checked every 10 seconds.